 Dungeon Crawl Stone Soup version 0.30.1-3-gfc49f6343a (webtiles) character file.

Game seed: 12541732465807106083

69 sakkuzi the Chopper (level 4, 0/60 HPs)
             Began as a Minotaur Berserker on July 21, 2023.
             Was a Believer of Trog.
             Slain by an orc wizard
             ... wielding a +0 dagger
              (2 damage)
             ... on level 3 of the Dungeon on July 28, 2023.
             The game lasted 00:06:03 (1932 turns).

sakkuzi the Chopper (Minotaur Berserker)            Turns: 1932, Time: 00:06:04

Health: 0/60       AC:  3    Str: 24    XL:     4   Next: 2%
Magic:  3/3        EV: 12    Int:  4    God:    Trog [**....]
Gold:   159        SH:  0    Dex:  9    Spells: 3/3 levels left

rFire   . . .        a - +0 hand axe
rCold   . . .        (no shield)
rNeg    . . .        b - +0 animal skin
rPois   .            (helmet restricted)
rElec   .            m - +0 cloak
rCorr   .            (no gloves)
SInv    .            (no boots)
Will    .....        (no amulet) Stlth
                     (no ring)
HPRegen 0.30/turn    (no ring)
MPRegen 0.08/turn

%: no passive effects
@: confused, berserking, very quick
A: horns 2, retaliatory headbutt
a: Renounce Religion, Berserk, Trog's Hand


You were on level 3 of the Dungeon.
You worshipped Trog.
Trog was pleased with you.
You visited 1 branch of the dungeon, and saw 3 of its levels.

You collected 159 gold pieces.

Inventory:

Hand Weapons
 a - a +0 hand axe (weapon)
 l - the +3 quarterstaff of Trial by Ordeal {flame, Int+6}
   (You found it on level 2 of the Dungeon)

   Int:       It affects your intelligence (+6).
Armour
 b - a +0 animal skin (worn)
 m - a +0 cloak (worn)
Scrolls
 c - a scroll of torment {unknown}
 d - a scroll of vulnerability {unknown}
 g - a scroll of summoning {unknown}
 h - 5 scrolls of identify {unknown}
 k - a scroll of fear {unknown}
Potions
 e - 2 potions of curing {unknown}
 f - a potion of brilliance {unknown}
 i - 3 potions of heal wounds {unknown}
 j - 3 potions of might {unknown}
 n - 2 potions of attraction {unknown}
 o - a potion of cancellation {unknown}


   Skills:
 + Level 4.3 Fighting
 * Level 4.8 Axes
 + Level 3.3 Armour
 - Level 2.4 Dodging


You had 3 spell levels left.
You didn't know any spells.
Your spell library was empty.

Dungeon Overview and Level Annotations

Branches:
Dungeon (3/15)

Altars:


Innate Abilities, Weirdness & Mutations

You have a pair of horns on your head.
You reflexively headbutt those who attack you in melee.


Message History

You hear some strange, mumbled words.
You are confused.
You barely miss something. Something hits you but does no damage.
You hear some strange, mumbled words.
A puff of flame appears from out of thin air!
The puff of flame hits you.
You bump into the rock wall.
You bump into the rock wall.
You hear some strange, mumbled words.
You are more confused.
You closely miss something. Your headbutt misses something. Something hits you.
Something completely misses you.
You bump into the rock wall.
Something hits you.
You bump into the rock wall.
Something hits you.
You closely miss something.
You hear some strange, mumbled words.
A puff of flame appears from out of thin air!
The puff of flame hits you!
* * * LOW HITPOINT WARNING * * *
Okay, then.
Something hits you but does no damage.
You feel less confused.
You barely miss something. Something hits you.
* * * LOW HITPOINT WARNING * * *
Something hits you.
* * * LOW HITPOINT WARNING * * *
A red film seems to cover your vision as you go berserk!
You feel yourself moving faster!
You feel mighty!
You hear some strange, mumbled words.
You are confused.
You feel a strong urge to attack something.
You completely miss something. Your headbutt misses something.
You barely miss the rat. The rat bites you.
* * * LOW HITPOINT WARNING * * *
Something hits you.
* * * LOW HITPOINT WARNING * * *
You miss the rat. You closely miss something.
The rat bites you but does no damage. Something hits you.
You die...

#.# ...#.# #. .).##.#
.. ....#.#. #..##.####
#...#...# ###..#..[# #
#....#...#.# .
##.@##)####.# ...
##Jr.#†#.....#
.....#####..##.##...###
.?.....)....#.#.....#
.......##.##.##..<..#
......# #.#.#.......#
...... #.###..######
..... #.....## ###.#
#######


You could see an endoplasm and a rat.

Vanquished Creatures
  A worm (D:2)
  A dart slug (D:1)
  3 orcs (D:3)
  4 bats
  5 endoplasms
  3 giant cockroaches
  12 goblins
  3 hobgoblins
  3 jackals (D:2)
  3 quokkas
  6 ball pythons
  2 frilled lizards (D:2)
  6 kobolds
  4 rats
56 creatures vanquished.

Notes
Turn   | Place    | Note
-------+----------+-------------------------------------------
     0 | D:1      | sakkuzi the Minotaur Berserker began the quest for the Orb.
     0 | D:1      | Reached XP level 1. HP: 19/19 MP: 0/0
   168 | D:1      | Reached XP level 2. HP: 24/27 MP: 1/1
   457 | D:1      | Reached ** piety under Trog
   700 | D:1      | Reached XP level 3. HP: 31/33 MP: 2/2
   970 | D:2      | Found a faded altar of an unknown god.
  1115 | D:2      | Identified the +3 quarterstaff of Trial by Ordeal {flame,
                  | Int+6}
  1907 | D:3      | Reached XP level 4. HP: 37/40 MP: 3/3
  1927 | D:3      | HP: 2/40 [something (1)]
  1932 | D:3      | Slain by an orc wizard

Illustrated notes

Levels and vault maps discovered:
D:1:      wander_arrival_desolate, layout_loops_cross
D:2:      minmay_recursive_quarters, layout_basic,
          hellmonk_ecumenical_altar_lost_god
D:3:      layout_rooms, minmay_vboxes

Skill      XL: |  1  2 |
---------------+-------+-----
Axes           | 4 |  4.8
Fighting       | 4 |  4.3
Armour         | 3 |  3.3
Dodging        | |  2.4

Action                     |  1- 3 |  4- 6 || total
---------------------------+-------+-------++-------
  Melee: Hand axe          |   106 |    12 ||   118
         Headbutt          |    10 |       ||    10
 Invoke: Berserk           |       |     1 ||     1
   Stab: Sleeping          |     1 |       ||     1
 Armour: Animal skin       |    23 |     5 ||    28
  Dodge: Dodged            |    68 |     2 ||    70
